 Dungeon Crawl Stone Soup version 0.21-a0-243-g597973d (webtiles) character file.

80 tidbits the Skirmisher (level 3, 9/33 HPs)
             Began as a Demigod Wanderer on Sept 4, 2017.
             Quit the game on level 2 of the Dungeon.
             The game lasted 00:06:00 (830 turns).

tidbits the Skirmisher (Demigod Wanderer)            Turns: 830, Time: 00:06:01

Health: 9/33       AC:  4    Str: 12    XL:     3   Next: 98%
Magic:  6/6        EV: 13    Int: 19    God:
Gold:   98         SH:  0    Dex: 17    Spells: 2/2 levels left

rFire    . . .     SeeInvis .   a - -1 dagger (curse)
rCold    . . .     Gourm    .   (no shield)
rNeg     . . .     Faith    +   B - +1 leather armour
rPois    .         Spirit   .   (no helmet)
rElec    .         Reflect  .   (no cloak)
rCorr    .         Harm     .   (no gloves)
MR       .....                  (no boots)
Stlth    ++........             l - amulet of faith
HPRegen  0.11/turn              (no ring)
MPRegen  0.10/turn              (no ring)

@: no status effects
A: high mp 1
a: no special abilities


You were on level 2 of the Dungeon.
You were not hungry.

You visited 1 branch of the dungeon, and saw 2 of its levels.

You collected 98 gold pieces.

Inventory:

Hand Weapons
 a - a cursed -1 dagger (weapon)
 b - a +0 hunting sling
 r - a +0 short sword
Missiles
 e - 138 stones (quivered)
 g - 42 arrows
 s - 34 sling bullets
Armour
 d - a +0 robe
 B - a +1 leather armour (worn)
Jewellery
 l - an amulet of faith (around neck)
   (You found it on level 1 of the Dungeon)
Wands
 c - a wand of flame (17/48)
 m - a wand of digging (19/24)
Potions
 j - 3 potions of curing
 q - a potion of heal wounds {unknown}
Comestibles
 f - 3 bread rations
 o - a chunk of flesh
 p - a meat ration


   Skills:
 + Level 4.1 Fighting
 - Level 2.6 Short Blades
 - Level 2.6 Dodging
 - Level 1.0 Stealth
 - Level 1.0 Evocations


You had 2 spell levels left.
You didn't know any spells.

Dungeon Overview and Level Annotations

Branches:
Dungeon (2/15)


Innate Abilities, Weirdness & Mutations

You have an increased reservoir of magic. (+10% MP)


Message History

Okay, then.
It was a potion of berserk rage.
A red film seems to cover your vision as you go berserk!
You feel yourself moving faster!
You feel mighty!
You completely miss the gnoll.
The gnoll is heavily wounded.
The gnoll misses you.
You barely miss the gnoll.
The gnoll is heavily wounded.
You puncture the gnoll!
You kill the gnoll!
Your Fighting skill increases to level 4!
Things that are here:
a club; a rat corpse; a goblin corpse Butcher a rat corpse? [(y)es/(c)hoosy/(n)o/(a)ll/(e)dible/(q)uit/?]
Butcher a goblin corpse? [(y)es/(c)hoosy/(n)o/(a)ll/(e)dible/(q)uit/?]
Okay, then.
You butcher the rat corpse.
You feel a strong urge to attack something.
o - a chunk of flesh
Things that are here:
a club; a rat skeleton; a goblin corpse Unknown command.
Found 23 arrows.
There is an open door here.
Items here: ))) † a halberd x2; a spear; a gnoll corpse You feel your anger subside.
You are no longer berserk.
You are exhausted.
You feel yourself slow down.
Found 23 stones.
g - 42 arrows (gained 23)
e - 137 stones (gained 23)
Okay, then.
A kobold comes into view.
A kobold is nearby!
The kobold shouts!
The kobold throws a stone.
The stone closely misses you. The kobold hits you.
* * * LOW HITPOINT WARNING * * *
You hit the kobold but do no damage. The kobold closely misses you.
You hit the kobold.
The kobold is heavily wounded.
The kobold barely misses you.
You barely miss the kobold.
The kobold is heavily wounded.
The kobold hits you but does no damage. x2
You barely miss the kobold.
The kobold is heavily wounded.
The kobold hits you.
* * * LOW HITPOINT WARNING * * *
You hit the kobold but do no damage.
The kobold is heavily wounded.
The kobold hits you.
* * * LOW HITPOINT WARNING * * *
You closely miss the kobold.
The kobold is heavily wounded.
The kobold hits you.
* * * LOW HITPOINT WARNING * * *
The kobold barely misses you.
You barely miss the kobold.
The kobold is heavily wounded.
The kobold barely misses you.
You closely miss the kobold.
The kobold is heavily wounded.
The kobold closely misses you.
You hit the kobold but do no damage.
The kobold is heavily wounded.
The kobold barely misses you.
You hit the kobold but do no damage.
The kobold is heavily wounded.
The kobold hits you.
* * * LOW HITPOINT WARNING * * *
The kobold closely misses you.
You hit the kobold but do no damage.
The kobold is heavily wounded.
The kobold hits you.
* * * LOW HITPOINT WARNING * * *
You hit the kobold.
You kill the kobold!
You see here a kobold corpse.
You feel yourself speed up.
You see here a kobold corpse.
e - 138 stones (gained 1)
You open the door.
There is an open door here.
You recover from your berserk rage.
As you read the scroll labeled TACLEE OTAE, it crumbles to dust.
You feel aware of your surroundings.
It was a scroll of magic mapping.
As you read the scroll labeled IRONAOT URPH, it crumbles to dust.
It is a scroll of recharging.
Charge which item? (? for menu, Esc to quit)
Your wand of flame (0/48) glows for a moment and now has 17 charges.
As you read the scroll labeled PUJAOPNIUF, it crumbles to dust.
You assume a fearsome visage.
Nothing appears to happen.
It was a scroll of fear.
As you read the scroll labeled RUJEOM YJEACUJ, it crumbles to dust.
It is a scroll of enchant armour.
Your +0 leather armour glows green for a moment.
Are you sure you want to abandon this character and quit the game? (Confirm with "yes".)

,,,,,,,,,,,****** #.#.
,,,,,,,,,,,* #.#.
,,,,,,,,,,,* #.#.
,,*'****########## #.#.
,,*,* #........# #####.#.
,,*,* #........# #.......
,,*,* #........# #.....#.
,,*,*
#........#######*#######.
,,*,*
#.......@.......,,,,* #.
,,*,*
*######.########***,* #.
,,,,* #.#**,,,,,,,*,* #.
,,,,* #.#,,,*****,#,* #.
,,,,* #.#,*,***,,.#.####.
,,,,* #.#,*,,,,,*........
,,,,* #.#,******#.......>
***,* #.#,*,,,,,.........
*,* #.#,*,*****#.......


There were no monsters in sight!

Vanquished Creatures
  4 gnolls (D:2)
  An adder (D:2)
  2 dart slugs (D:1)
  2 leopard geckos (D:1)
  3 goblins
  2 hobgoblins (D:1)
  2 kobolds
  4 bats
  10 frilled lizards (D:1)
  2 rats
32 creatures vanquished.

Notes
Turn   | Place    | Note
-------+----------+-------------------------------------------
     0 | D:1      | tidbits the Demigod Wanderer began the quest for the Orb.
     0 | D:1      | tidbits set off with: a wand of flame (15/48), a potion of curing, a +0 short sword, a +0 robe, a bread ration
     0 | D:1      | Reached XP level 1. HP: 17/17 MP: 3/3
    27 | D:1      | Reached skill level 2 in Fighting
   154 | D:2      | Reached XP level 2. HP: 25/25 MP: 5/5
   279 | D:1      | Reached skill level 3 in Fighting
   371 | D:1      | Reached XP level 3. HP: 16/31 MP: 6/6
   765 | D:2      | Reached skill level 4 in Fighting
   830 | D:2      | Quit the game

Vault maps used:
D:1:      roderic_chinese_lattice_arrival, minmay_lizard_pond
D:2:      uniq_jessica

Skill      XL: |  1  2  3 |
---------------+----------+-----
Fighting       | 2 3 4 |  4.1
Short Blades   | |  2.6
Dodging        | |  2.6
Stealth        | |  1.0
Evocations     | |  1.0

Action                   || total
-------------------------++-------
Melee: Short sword       ||    68
       Dagger            ||    47
 Fire: Hunting sling     ||    11
Evoke: Wand              ||    15
  Use: Scroll            ||     4
       Potion            ||     1
 Stab: Sleeping          ||     1
Armor: Leather armour    ||    23
Dodge: Dodged            ||    78

Table legend:
 A = Spawn XP
 B = Non-spawn XP
 C = Spawn XP percentage of total XP
 D = Spawn monster count
 E = Non-spawn monster count
 F = Spawn count percentage of total count
 G = Total turns spent on level
                    A         B        C        D         E        F      G
               +---------+---------+-------+---------+---------+-------+---------
         Total |       9 |     106 |   7.8 |       3 |      29 |   9.4 |   830
               +---------+---------+-------+---------+---------+-------+---------
           D:1 |       7 |      31 |  18.4 |       2 |      21 |   8.7 |   484
           D:2 |       2 |      75 |   2.6 |       1 |       8 |  11.1 |   346
               +---------+---------+-------+---------+---------+-------+---------

Table legend:
 A = Turns spent in this place as a percentage of turns spent in the entire game.
 B = Non-inter-level travel turns spent in this place as a percentage of non-inter-level travel turns spent in the entire game.
 C = Inter-level travel turns spent in this place as a percentage of turns spent in this place.
 D = Turns resting spent in this place as a percentage of non-inter-level travel turns spent in this place.
 E = Turns spent auto-exploring this place as a percentage of non-inter-level travel turns spent in this place.
 F = Non-inter-level travel turns spent in this place divided by the number of levels of this place that you've seen.
                   A       B       C       D       E      F
               +-------+-------+-------+-------+-------+----------------------
         Total | 100.0 | 100.0 |   6.5 |   0.0 |   0.0 | 388.0
       Dungeon | 100.0 | 100.0 |   6.5 |   0.0 |   0.0 | 388.0
               +-------+-------+-------+-------+-------+----------------------

Table legend:
 A = Kills in this place as a percentage of kills in entire the game.
 B = Kills by you in this place as a percentage of kills by you in the entire game.
 C = Kills by friends in this place as a percentage of kills by friends in the entire game.
 D = Other kills in this place as a percentage of other kills in the entire game.
 E = Experience gained in this place as a percentage of experience gained in the entire game.
 F = Experience gained in this place divided by the number of levels of this place that you have seen.
                   A       B       C       D       E      F
               +-------+-------+-------+-------+-------+----------------------
         Total | 100.0 | 100.0 |   N/A |   N/A | 100.0 |  57.5
       Dungeon | 100.0 | 100.0 |   N/A |   N/A | 100.0 |  57.5
               +-------+-------+-------+-------+-------+----------------------

Vault maps used:
D:1:      roderic_chinese_lattice_arrival, minmay_lizard_pond
D:2:      uniq_jessica
